 Dungeon Crawl Stone Soup version 0.30.1-3-gfc49f6343a (webtiles) character file.

Game seed: 11645519492201171291

9220 Almogavar the Severer (level 11, -1/101 HPs)
             Began as a Hill Orc Fighter on Aug 1, 2023.
             Was a Believer of Makhleb.
             Slain by a troll (2 damage)
             ... on level 11 of the Dungeon on Aug 2, 2023.
             The game lasted 00:23:58 (10652 turns).

Almogavar the Severer (Hill Orc Fighter)           Turns: 10652, Time: 00:23:59

Health: -1/101     AC: 10    Str: 24    XL:     11   Next: 43%
Magic:  11/11      EV: 10    Int:  8    God:    Makhleb [**....]
Gold:   613        SH:  5    Dex: 10    Spells: 10/10 levels left

rFire   . . .        a - +0 war axe
rCold   . . .        c - +0 buckler
rNeg    . . .        H - +0 acid dragon scales
rPois   .            m - +0 hat
rElec   .            F - +0 cloak
rCorr   +            (no gloves)
SInv    .            (no boots)
Will    .....        (no amulet)
Stlth   +            y - +4 ring of protection
HPRegen 0.36/turn    (no ring)
MPRegen 0.12/turn

%: no passive effects
@: spiked, corroded
A: no striking features
a: Renounce Religion, Minor Destruction


You were on level 11 of the Dungeon.
You worshipped Makhleb.
Makhleb was pleased with you.
You visited 2 branches of the dungeon, and saw 12 of its levels.

You collected 613 gold pieces.

Inventory:

Hand Weapons
 a - a +0 war axe (weapon)
 l - a +1 mace of protection
 G - a +1 heavy war axe
Missiles
 D - a throwing net (quivered)
Armour
 c - a +0 buckler (worn)
 e - a +0 plate armour
 m - a +0 hat (worn)
 r - a +0 helmet
 t - a +1 ring mail of cold resistance
 B - a +0 chain mail
 F - a +0 cloak (worn)
 H - +0 acid dragon scales (worn)
Jewellery
 b - a ring of protection from cold
 j - an amulet of faith
 y - a +4 ring of protection (left hand)
Wands
 s - a wand of quicksilver (6)
 E - a wand of charming (8)
Scrolls
 i - 3 scrolls of teleportation
 n - a scroll of fear {unknown}
 q - a scroll of enchant armour {unknown}
 w - 3 scrolls of fog
 A - a scroll of acquirement {unknown}
 C - a scroll of brand weapon {unknown}
Potions
 d - 2 potions of might
 f - 2 potions of lignification
 g - a potion of resistance
 h - 3 potions of ambrosia
 k - a potion of haste
 o - 3 potions of attraction {unknown}
 p - 5 potions of mutation {unknown}
 u - 3 potions of brilliance {unknown}
 v - 3 potions of degeneration {unknown}
 x - a potion of flight {unknown}
 z - a potion of cancellation {unknown}


   Skills:
 + Level 10.5 Fighting
 + Level 15.9 Axes
 + Level 10.2 Armour
 - Level 5.1 Shields


You had 10 spell levels left.
You didn't know any spells.
Your spell library contained the following spells:

 Spells                   Type           Power      Damage    Failure   Level
 Ozocubu's Armour         Ice            0%         N/A       88%         3
 Vhi's Electric Charge    Tloc/Air       0%         N/A       88%         3
 Arcjolt                  Conj/Air       0%         1d10      100%        5
 Ozocubu's Refrigeration  Ice            0%         4d7       100%        7
 Maxwell's Capacitive Co  Air            0%         ∞         100%        8


Dungeon Overview and Level Annotations

Branches:
Dungeon (11/15)            Temple (1/1) D:7            Lair (0/5) D:11
    Orc: D:9-12

Altars:
Ashenzari
Cheibriados
Dithmenos
Elyvilon
Fedhas
Gozag
Hepliaklqana
Kikubaaqudgha
Makhleb
Nemelex Xobeh
Okawaru
Qazlal
Ru
Sif Muna
Trog
Uskayaw
Vehumet
Wu Jian
Xom
Zin
The Shining One

Shops:
D:3 :   D:6 ?

Annotations:
D:10 2 transporters, Atelerd's ghost, novice OpEE


Message History

The acid dragon spits acid at you.
The splash of acid hits you but does no damage.
You hear an angry buzzing noise. x2
A cyclops comes into view.
The orc wizard gestures wildly while chanting.
The orc wizard flickers and vanishes!
The orc attacks as you move away! The orc hits you but does no damage.
The troll attacks as you move away! The troll completely misses you.
The troll claws you but does no damage. You block the troll's attack.
The orc attacks as you move away! The orc closely misses you.
The orc attacks as you move away!
The orc hits you with a +0 whip of pain.
* * * LOW HITPOINT WARNING * * *
You writhe in agony.
* * * LOW HITPOINT WARNING * * *
The acid dragon barely misses you. You block the acid dragon's attack.
The cyclops throws a large rock.
The large rock barely misses you.
The acid dragon attacks as you move away!
You block the acid dragon's attack. x2; The troll attacks as you move away!
The troll closely misses you. The troll barely misses you. x2
The acid dragon spits acid at you. The splash of acid hits you. You resist.
* * * LOW HITPOINT WARNING * * *
The acid corrodes you! The troll attacks as you move away! The troll bites you.
* * * LOW HITPOINT WARNING * * *
The troll barely misses you. The troll claws you but does no damage.
The manticore flicks its tail.
The volley of spikes hits you.
The barbed spikes become lodged in your body.
* * * LOW HITPOINT WARNING * * *
The cyclops throws a large rock.
You block the large rock.
The barbs in your skin will harm you if you move.
Continue?
Okay, then.
As you read the scroll of fog, it crumbles to dust.
The scroll dissolves into smoke.
The orc wizard mumbles some strange words.
The orc wizard flickers and vanishes!
You block the troll's attack. The troll claws you.
You die...

... ##..... .. .. ##.#..#
#......#
##.####....######......## #.
!...##.#....##..#.......##...
....#{.................##....
#...O..^..)................##...
##.#.........§..............#...
####.T.......§§§..........#....
##..#.#.#<§@To.....#.##.....
###....#....§§§D....#...#.....
#......#T.....§§H{.{..........
.............#...........#.......
....................o............
>.................>C.............
.................................
...............o.................
.................................


You could see a manticore, 2 trolls, an acid dragon (catching breath) and 2
orcs.

Vanquished Creatures
  A centaur warrior (D:9)
  3 two-headed ogres
  A deep elf pyromancer (D:9)
  A hornet (D:7)
  A troll (D:10)
  Grinder (D:4)
  2 wyverns
  A vampire (D:6)
  A wraith (D:10)
  4 yaks (D:7)
  A steam dragon (D:7)
  3 acid dragons
  3 water moccasins
  4 orc warriors
  3 ice beasts
  3 sky beasts
  A black bear (D:5)
  An ogre (D:4)
  5 centaurs
  A phantom (D:4)
  A kobold brigand (D:6)
  5 bullfrogs
  2 gnoll sergeants (D:6)
  A scorpion (D:6)
  5 wights (D:9)
  13 killer bees
  2 jellies
  2 hounds (D:5)
  2 orc priests (D:7)
  4 sleepcaps
  Terence (D:3)
  9 orc wizards
  2 iguanas
  2 mummies
  9 gnolls
  7 adders
  2 shadow imps
  2 white imps
  4 worms
  3 dart slugs
  23 orcs
  4 ball pythons
  4 bats
  4 endoplasms
  6 giant cockroaches
  A goblin (D:4)
  8 hobgoblins
  4 jackals (D:3)
  9 kobolds
  4 quokkas
  8 frilled lizards
  3 rats
197 creatures vanquished.

Vanquished Creatures (collateral kills)
  A killer bee (D:10)
  An orc wizard (D:10)
2 creatures vanquished.

Vanquished Creatures (others)
  An orc wizard (D:7)
  2 orcs (D:7)
3 creatures vanquished.

Grand Total: 202 creatures vanquished

Notes
Turn   | Place    | Note
-------+----------+-------------------------------------------
     0 | D:1      | Almogavar the Hill Orc Fighter began the quest for the Orb.
     0 | D:1      | Reached XP level 1. HP: 19/19 MP: 1/1
   117 | D:1      | Reached skill level 3 in Axes
   117 | D:1      | Reached XP level 2. HP: 13/27 MP: 2/2
   131 | D:1      | Reached XP level 3. HP: 17/33 MP: 3/3
   954 | D:2      | Reached skill level 4 in Axes
  1026 | D:2      | Reached XP level 4. HP: 40/40 MP: 4/4
  1293 | D:2      | Found a faded altar of an unknown god.
  1558 | D:3      | Found Qiyfuff's Vocational Training.
  1691 | D:3      | Found an ornate altar of the Wu Jian Council.
  1781 | D:3      | Found a sparkling altar of Nemelex Xobeh.
  1812 | D:3      | Reached XP level 5. HP: 38/47 MP: 5/5
  1906 | D:3      | Noticed Terence
  1921 | D:3      | Killed Terence
  1922 | D:3      | Reached skill level 5 in Axes
  2325 | D:4      | Noticed an ogre
  2332 | D:4      | Killed an ogre
  2333 | D:4      | Reached XP level 6. HP: 15/53 MP: 6/6
  2473 | D:4      | Noticed Grinder
  2484 | D:4      | Killed Grinder
  2485 | D:4      | Reached skill level 5 in Fighting
  2485 | D:4      | Reached skill level 7 in Axes
  2485 | D:4      | Reached XP level 7. HP: 60/61 MP: 7/7
  2563 | D:4      | Found a hide-covered altar of Uskayaw.
  2563 | D:4      | Found a broken altar of Ashenzari.
  3058 | D:5      | Entered Level 5 of the Dungeon
  3076 | D:5      | Reached skill level 5 in Armour
  3128 | D:5      | Found a shimmering blue altar of Sif Muna.
  3176 | D:5      | Reached skill level 8 in Axes
  3340 | D:5      | Reached XP level 8. HP: 69/69 MP: 8/8
  3554 | D:5      | Found a snail-covered altar of Cheibriados.
  3756 | D:5      | Found a shimmering altar of Xom.
  4014 | D:6      | Reached skill level 9 in Axes
  4318 | D:6      | Found Nezusiovo's Magic Scroll Shop.
  4334 | D:6      | Noticed a vampire
  4355 | D:6      | Killed a vampire
  4356 | D:6      | Reached skill level 10 in Axes
  4786 | D:6      | Reached XP level 9. HP: 54/78 MP: 9/9
  5370 | D:7      | Reached skill level 11 in Axes
  5585 | D:7      | Reached skill level 5 in Shields
  6135 | D:7      | Found a staircase to the Ecumenical Temple.
  6144 | Temple   | Entered the Ecumenical Temple
  6159 | Temple   | Became a worshipper of Makhleb the Destroyer
  6473 | D:7      | Reached skill level 12 in Axes
  6705 | D:7      | HP: 2/80 [yak (10)]
  6712 | D:7      | Reached XP level 10. HP: 12/88 MP: 10/10
  6948 | D:7      | Reached skill level 13 in Axes
  6953 | D:7      | Paralysed by a hornet for 1 turns
  6961 | D:7      | HP: 5/132 [poisoned by a hornet]
  7167 | D:8      | Found a glowing silver altar of Zin.
  7167 | D:8      | Noticed an angel
  7722 | D:8      | Found an iron altar of Okawaru.
  8109 | D:9      | Noticed a two-headed ogre
  8120 | D:9      | Noticed a deep elf pyromancer
  8127 | D:9      | Killed a deep elf pyromancer
  8128 | D:9      | Reached skill level 14 in Axes
  8128 | D:9      | Noticed a centaur warrior
  8135 | D:9      | Killed a centaur warrior
  8140 | D:9      | Killed a two-headed ogre
  8399 | D:9      | Reached * piety under Makhleb
  8426 | D:9      | Reached XP level 11. HP: 24/97 MP: 11/11
  8726 | D:9      | Reached skill level 15 in Axes
  9272 | D:10     | Entered Level 10 of the Dungeon
  9307 | D:10     | Found a transporter.
  9311 | D:10     | Noticed a two-headed ogre
  9313 | D:10     | Noticed a six-headed hydra
  9313 | D:10     | Noticed Atelerd's ghost (novice OpEE)
  9319 | D:10     | Found a transporter.
  9321 | D:10     | Noticed a two-headed ogre
  9375 | D:10     | Reached skill level 10 in Fighting
  9453 | D:10     | Noticed a two-headed ogre
  9467 | D:10     | Killed a two-headed ogre
  9468 | D:10     | Reached skill level 10 in Armour
  9712 | D:10     | Identified the +1 dagger of the Vaults {heavy, Fragile
                  | +Blink rPois Int+6}
  9797 | D:10     | Noticed a two-headed ogre
  9805 | D:10     | Killed a two-headed ogre
 10475 | D:10     | Reached ** piety under Makhleb
 10603 | D:11     | Found a staircase to the Lair.
 10618 | D:11     | Noticed a two-headed ogre
 10642 | D:11     | Noticed a manticore
 10643 | D:11     | Noticed a cyclops
 10651 | D:11     | HP: 4/101 [troll (4)]
 10651 | D:11     | HP: 1/101 [manticore/volley of spikes (4)]
 10652 | D:11     | Slain by a troll

Illustrated notes

Levels and vault maps discovered:
D:1:      lemuel_arrival_behind_the_door_small, layout_basic
D:2:      layout_loops_ring, chequers_ecumenical_altar_grove,
          reono_crystal_passage
D:3:      layout_basic, nemelex_diamond_rough_becter, nzn_wu_jian_council_hall,
          nicolae_shop_vocational, uniq_terence
D:4:      layout_cave_pools, jmf_multi_god_temple, grunt_ministairs_15,
          uniq_grinder
D:5:      layout_rooms, slow_altar_2, old_standard_altar,
          mainiacjoe_overflow_brackets, serial_bayou_ford_a
D:6:      layout_basic, serial_shops, kennysheep_mini
D:7:      layout_loops_ring, minmay_temple_entry_statues_fountains
D:8:      layout_basic, zin_angel, lemuel_tele_altar, gup_ossuary_entry_pyramid,
          serial_corexii_hall, corexii_hall_statues_i, corexii_hall_statues_l
D:9:      minmay_chambers_of_sixes, layout_irregular_city
D:10:     layout_roguey, nzn_ghost_randoct
D:11:     layout_cross, lair_entry_dummy, erik_orc_4, vehumet_statue
Temple:   cyrus_circular_temple

Skill      XL: |  1  2  3  4  5  6  7  8  9 10 11 |
---------------+----------------------------------+-----
Fighting       | 4 5 6 8 9 10 | 10.5
Axes           | 3 4 5 7 8 10 12 14 15 | 15.9
Armour         | 4 5 6 8 9 10 | 10.2
Shields        | 4 5 |  5.1

Action                     |  1- 3 |  4- 6 |  7- 9 | 10-12 || total
---------------------------+-------+-------+-------+-------++-------
  Melee: War axe           |    79 |   101 |   310 |   271 ||   761
  Evoke: Wand              |       |       |       |     2 ||     2
    Use: Scroll            |       |     1 |     7 |     6 ||    14
         Potion            |       |     1 |     3 |     7 ||    11
 Armour: Scale mail        |    37 |    33 |   164 |   128 ||   362
         Skin              |       |       |       |     7 ||     7
         Acid dragon scale |       |       |       |    25 ||    25
  Dodge: Dodged            |    33 |    34 |   133 |   136 ||   336
  Block: Buckler           |    32 |    21 |    68 |    80 ||   201
